 Dungeon Crawl Stone Soup version 0.32-a0-12-g7fc57aa741 (webtiles) character file.

Game seed: 5149427776669977774

35 Armakuni the Charlatan (level 3, 0/27 HPs)
             Began as a Human Artificer on Jan 14, 2024.
             Slain by an orc
             ... wielding a +0 flail
              (5 damage)
             ... on level 4 of the Dungeon.
             The game lasted 00:01:46 (358 turns).

Armakuni the Charlatan (Human Artificer)             Turns: 358, Time: 00:01:47

Health: 0/27       AC:  3    Str: 14    XL:     3   Next: 35%
Magic:  3/3        EV: 11    Int: 11    God:
Gold:   23         SH:  0    Dex: 13    Spells: 2/2 levels left

rFire   . . .        g - +0 flail
rCold   . . .        (no shield)
rNeg    . . .        b - +0 leather armour
rPois   .            (no helmet)
rElec   .            (no cloak)
rCorr   .            (no gloves)
SInv    .            (no boots)
Will    .....        (no amulet)
Stlth   +            (no ring)
HPRegen 0.24/turn    (no ring)
MPRegen 0.08/turn

%: no passive effects
@: no status effects
A: explore regen
a: no special abilities


You were on level 4 of the Dungeon.
You visited 1 branch of the dungeon, and saw 4 of its levels.

You collected 23 gold pieces.

Inventory:

Hand Weapons
 a - a +0 club
 g - a +0 flail (weapon)
Armour
 b - a +0 leather armour (worn)
Wands
 c - a wand of flame (9) (quivered)
 d - a wand of charming (14)
 e - a wand of iceblast (4)
Potions
 f - a potion of heal wounds {unknown}


   Skills:
 + Level 2.3 Fighting
 + Level 1.9 Maces & Flails
 - Level 2.0 Armour
 - Level 1.0 Dodging
 - Level 1.0 Stealth
 - Level 3.0 Evocations


You had 2 spell levels left.
You didn't know any spells.
Your spell library was empty.

Dungeon Overview and Level Annotations

Branches:
Dungeon (4/15)
 Temple: D:4-7

Altars:


Innate Abilities, Weirdness & Mutations

You regain HP and MP as you explore.


Message History

The gnoll attacks as it pursues you!
The gnoll hits you from afar with a +0 spear.
Aiming: Iceblast
Press: ? - help, Shift-Dir - straight line, p - gnoll The mass of ice explodes!
The iceblast engulfs the gnoll!
You kill the gnoll!
The iceblast engulfs the gnoll!!
You kill the gnoll!
The iceblast engulfs the hobgoblin!
You kill the hobgoblin!
You hear a shout! x5
Your Fighting skill increases to level 2!
You have reached level 3!
Your experience leads to an increase in your attributes!
Increase (S)trength, (I)ntelligence, or (D)exterity?
You feel stronger. x2
Found a dagger.
There is a stone staircase leading up, spattered with blood here.
You start resting.
An orc comes into view. It is wielding a +0 flail.
You climb upwards.
There is a stone staircase leading down here.
You start resting.
HP restored.
You climb downwards.
The orc shouts!
There is a stone staircase leading up, spattered with blood here.
Unknown command.
A gnoll sergeant comes into view.
It is wielding a +3 trident of flaming and wearing a +2 buckler of protection.
The gnoll shouts!
A gnoll comes into view. It is wielding a +1 halberd of flaming.
The gnoll sergeant hits you from afar with a +3 trident of flaming!
Ouch! That really hurt!
The gnoll sergeant burns you.
* * * LOW HITPOINT WARNING * * *
The gnoll moves out of view.
The orc attacks as it pursues you! The orc closely misses you.
There is a stone staircase leading up, spattered with blood here.
The orc hits you with a +0 flail.
You die...

..##... ..#....# .. #
.......###.. #.## ....
.#... ... ..##...# ...
#.. ###......#..).
#...##.......# ... ..
#..#..og....##.####...
#..[@#...#....#.#....
#....#.g.#...........
#....#...............
#.......#g.......>...
#.####..#.........#
... ##...........#
..... #.....)...###
.##.# #.......†)..#
..........#..##


You could see a gnoll sergeant and an orc.

Vanquished Creatures
  2 gnolls (D:4)
  A dart slug (D:1)
  An orc (D:4)
  A goblin (D:1)
  A hobgoblin (D:4)
  3 jackals (D:1)
  2 quokkas (D:4)
  A bat (D:1)
12 creatures vanquished.

Vanquished Creatures (others)
  A gnoll (D:4)
1 creature vanquished.

Grand Total: 13 creatures vanquished

Notes
Turn   | Place    | Note
-------+----------+-------------------------------------------
     0 | D:1      | Armakuni the Human Artificer began the quest for the Orb.
     0 | D:1      | Reached XP level 1. HP: 15/15 MP: 1/1
   105 | D:1      | Reached skill level 1 in Maces & Flails
   105 | D:1      | Reached XP level 2. HP: 19/21 MP: 2/2
   334 | D:4      | Reached XP level 3. HP: 22/27 MP: 3/3
   354 | D:4      | Noticed a gnoll sergeant
   358 | D:4      | Slain by an orc

Illustrated notes

Levels and vault maps discovered:
D:1:      psy_arrival_basics, layout_basic, hangedman_decor_diamond_cutter
D:2:      layout_rooms, minmay_close_crescents
D:3:      layout_rooms, elyvilon_altar_4, roderic_lattice_a
D:4:      layout_cave_pools

Skill      XL: |  1  2 |
---------------+-------+-----
Maces & Flails | 1 |  1.9
Fighting       | 2 |  2.3
Armour         | |  2.0
Dodging        | |  1.0
Stealth        | |  1.0
Evocations     | |  3.0

Action                     || total
---------------------------++-------
  Melee: Club              ||    33
         Punch             ||     1
         Flail             ||     1
  Evoke: Wand              ||     8
    Use: Scroll            ||     2
 Armour: Leather armour    ||    28
  Dodge: Dodged            ||    26

Table legend: (Time is in decaauts)
 A = Elapsed time spent in this place.
 B = Non-inter-level travel time spent in this place.
 C = Inter-level travel time spent in this place.
 D = Time resting spent in this place.
 E = Time spent auto-exploring this place.
 F = Levels seen in this place.
 G = Mean time per level.
                   A        B        C        D        E       F      G
               +--------+--------+--------+--------+--------+-----+--------+
         Total |    366 |    366 |      0 |    133 |     67 |   4 |   91.5 |
       Dungeon |    366 |    366 |      0 |    133 |     67 |   4 |   91.5 |
               +--------+--------+--------+--------+--------+-----+--------+

Top non-repeatable levels by time:
     D:1: 192 daAuts
     D:4: 119 daAuts
     D:2: 28 daAuts
     D:3: 26 daAuts
